 Dungeon Crawl Stone Soup version 0.19.1 (webtiles) character file.

75634 Hysic the Thaumaturge (level 15, -19/82 HPs)
             Began as a Gargoyle Earth Elementalist on Dec 26, 2016.
             Was a High Priest of Vehumet.
             Killed from afar by Azrael (22 damage)
             ... with damnation
             ... on level 13 of the Dungeon.
             The game lasted 02:06:20 (41741 turns).

Hysic the Thaumaturge (GrEE)                       Turns: 41741, Time: 02:06:22

Health: -19/82     AC: 18    Str: 13      XL:     15   Next: 50%
Magic:  14/29      EV: 17    Int: 25 (27) God:    Vehumet [*****.]
Gold:   1598       SH:  0    Dex: 13 (14) Spells: 9 memorised, 4 levels left

rFire  . . .     SeeInvis .     z - +8 quarterstaff (chaos)
rCold  . . .     Gourm    .     C - +2 robe of Panentheism {rN++ Int+6}
rNeg   + + +     Faith    .     (shield currently unavailable)
rPois  ∞         Spirit   .     (helmet restricted)
rElec  +         Reflect  .     A - +2 cloak
rCorr  .         Harm     .     (no gloves)
MR     ++...     Clarity  +     (no boots)
Stlth  +.........               (no amulet)
                                B - +4 ring of dexterity
                                f - ring of protection from magic

@: exhausted, liquid flames, flying, very slightly contaminated, hasted and
slowed, glowing
A: big wings, horns 1, blink, clarity, deformed body, deterioration 1, frail 1,
low mp 1, negative energy resistance 1, electricity resistance, unbreathing,
petrification resistance, no device heal 1, rot immunity, AC +11
a: Stop Flying, Blink, Renounce Religion


You were on level 13 of the Dungeon.
You worshipped Vehumet.
Vehumet was extremely pleased with you.
You were not hungry.

You visited 3 branches of the dungeon, and saw 20 of its levels.
You also visited: Labyrinth and Ossuary.

You collected 1598 gold pieces.

Inventory:

Hand Weapons
 h - the +5 dagger "Cuv Exemn" {pierce, rPois Str+2 Dex+4}
   (You found it on level 5 of the Dungeon)

   It inflicts extra damage upon your enemies.
   It affects your strength (+2).
   It affects your dexterity (+4).
   It protects you from poison.
 o - a +1 halberd
 u - a +6 quarterstaff of draining
 w - a +0 mace
 z - a +8 quarterstaff of chaos (weapon)
 K - a +2 flail of protection
Missiles
 b - 423 stones (quivered)
Armour
 j - a +2 helmet
 A - a +2 cloak (worn)
 C - the +2 robe of Panentheism (worn) {rN++ Int+6}
   (You found it on level 4 of the Dungeon)

   It affects your intelligence (+6).
   It greatly protects you from negative energy.
 L - a +1 robe of magic resistance
Magical Staves
 x - an uncursed staff of death {unknown}
 U - an uncursed staff of wizardry
Jewellery
 f - a ring of protection from magic (left hand)
 q - an uncursed ring of flight
 B - a +4 ring of dexterity (right hand)
 E - an uncursed ring of ice
 F - an uncursed ring of protection from magic
Wands
 n - a wand of confusion (14/48)
 t - a wand of digging (0/24)
 H - a wand of disintegration (10/24)
 J - a wand of lightning (7/15)
 M - a wand of iceblast (11/15)
 N - a wand of polymorph (15/24)
 O - a wand of acid (0/15)
 Q - a wand of disintegration (11/24)
 V - a wand of iceblast (3/15)
Scrolls
 g - 9 scrolls of remove curse
 i - a scroll of brand weapon
 k - 3 scrolls of immolation
 l - 5 scrolls of teleportation
 m - a scroll of enchant armour
 v - a scroll of fog
 y - 2 scrolls of amnesia
 P - 3 scrolls of magic mapping
 S - 3 scrolls of recharging
Potions
 a - 8 potions of cancellation
 c - 3 potions of lignification
 s - 2 potions of flight
 I - 4 potions of curing
 T - a potion of haste
 X - a potion of ambrosia
Books
 e - a book of Geomancy

   Spells                             Type                      Level
   a - Sandblast                      Earth                        1
   b - Passwall                       Transmutation/Earth          2
   c - Stone Arrow                    Conjuration/Earth            3
   d - Petrify                        Transmutation/Earth          4
   e - Lee's Rapid Deconstruction     Earth                        5
 r - a Young Poisoner's Handbook

   Spells                             Type                      Level
   a - Sting                          Conjuration/Poison           1
   b - Mephitic Cloud                 Conjuration/Poison/Air       3
   c - Olgreb's Toxic Radiance        Poison                       4
   d - Alistair's Intoxication        Transmutation/Poison         5
   e - Venom Bolt                     Conjuration/Poison           5
 G - a book of Air

   Spells                             Type                      Level
   a - Shock                          Conjuration/Air              1
   b - Swiftness                      Charms/Air                   2
   c - Repel Missiles                 Charms/Air                   2
   d - Static Discharge               Conjuration/Air              3
   e - Lightning Bolt                 Conjuration/Air              5
Comestibles
 d - 5 bread rations


   Skills:
 + Level 9.8 Fighting
 + Level 9.2 Maces & Flails
 - Level 9.0 Armour
 + Level 8.2 Dodging
 - Level 2.1 Stealth
 * Level 13.5 Spellcasting
 + Level 11.0 Conjurations
 - Level 0.7 Transmutations
 + Level 12.8 Earth Magic


You had 4 spell levels left.
You knew the following spells:

 Your Spells              Type           Power        Failure   Level  Hunger
a - Sandblast             Erth           ######       1%          1    None
b - Stone Arrow           Conj/Erth      ######       1%          3    None
c - Lee's Rapid Deconstr  Erth           ######....   1%          5    ###....
d - Mephitic Cloud        Conj/Pois/Air  #####...     1%          3    None
e - Bolt of Draining      Conj/Necr      #####.....   3%          5    ###....
f - Iron Shot             Conj/Erth      ######....   1%          6    #####..
g - Irradiate             Conj/Tmut      #####.....   3%          5    ###....
h - Orb of Destruction    Conj           ######....   11%         7    ######.
i - Repel Missiles        Chrm/Air       ###...       8%          2    None


Dungeon Overview and Level Annotations

Branches:
Dungeon (13/15)            Temple (1/1) D:7            Lair (6/6) D:8
  Swamp (0/4) Lair:4        Snake (0/4) Lair:2        Slime (0/5) Lair:6
    Orc (0/2) D:10
 Vaults: D:13-14

Altars:
Ashenzari
Cheibriados
Dithmenos
Elyvilon
Fedhas
Gozag
Hepliaklqana
Kikubaaqudgha
Makhleb
Nemelex Xobeh
Okawaru
Qazlal
Ru
Sif Muna
Trog
Uskayaw
Vehumet
Xom
Yredelemnul
Zin
The Shining One
Jiyva

Shops:
D:5 [   D:10 =

Annotations:
D:13 Azrael


Innate Abilities, Weirdness & Mutations

You are resistant to torment.
Your stone body is resilient. (AC +11)
You are immune to poison.
Your large and strong wings let you fly indefinitely.
You resist negative energy. (rN+)
You are resistant to electric shocks. (rElec)
You can survive without breathing.
You are immune to petrification.
You are immune to rotting.
You have a pair of small horns on your head.
You can translocate small distances at will.
You possess an exceptional clarity of mind.
Armour fits poorly on your strangely shaped body.
Your body sometimes deteriorates upon taking damage.
You are frail. (-10% HP)
Your magical capacity is low. (-10% MP)
Potions and wands are less effective at restoring your health.


Message History

Azrael completely resists.
Azrael is almost dead.
The bolt of negative energy misses the hell hound.
The bolt of negative energy hits the fire elemental.
The fire elemental completely resists.
Azrael gestures at you. The sticky flame hits you!
You are covered in liquid flames!
Casting: Bolt of Draining
Confirm with . or Enter, or press ? or * to list all spells.
Aiming: Stone Arrow
Press: ? - help, Shift-Dir - straight line, f/p - hell hound
Aim: a hell hound The stone arrow hits Azrael.
Azrael is almost dead.
You are covered in liquid flames!
* * * LOW HITPOINT WARNING * * *
Azrael gestures at you.
The sphere of damnation explodes!
The damnation engulfs you!
You die...

.....+ #..§§§...§...# ###.....#
+....§...E...##### ........#
#..§..E...........
........########.................
..........................§§.....
..###....# #E# ####+####..... ..#
..# #h# #..... ..# # #R# #.....
..# #@# #..... ..# #.# ##.....
..# #.# #...... ..# #.# #......
..# #.##########.....# ..#####
#######................# ........
.......................# ........
............######.....# ......##
............# #.....#


You could see Azrael, a fire elemental and a hell hound.

Vanquished Creatures
  A minotaur (Lab)
  7 hydras
  An ice dragon (Lair:6)
  Harold (Lair:3)
  A catoblepas (Lair:6)
  A death knight (D:12)
  2 tengu warriors (D:10)
  4 death yaks
  A skeletal warrior (D:12)
  A lindwurm (Lair:6)
  4 hill giants
  A wolf spider (Lair:6)
  2 deep elf magi (D:13)
  4 ugly things
  3 manticores
  10 elephants
  9 black mambas
  A centaur zombie (D:13)
  10 komodo dragons
  A gargoyle (D:11)
  27 spiny frogs
  Psyche (D:10)
  6 torpor snails
  A freezing wraith (D:12)
  2 rime drakes
  A queen bee (D:9)
  2 trolls (D:10)
  2 polar bears
  6 tyrant leeches
  7 hornets
  A wind drake (shapeshifter) (D:11)
  A two-headed ogre (D:12)
  3 blink frogs (Lair:6)
  16 hippogriffs
  17 dream sheep
  A hippogriff (shapeshifter) (Lair:5)
  61 yaks
  A spriggan (Lair:6)
  3 wyverns
  5 wraiths
  4 fire elementals (D:13)
  Grum (D:8)
  4 hungry ghosts
  A human (Lair:6)
  A mottled dragon (D:11)
  5 basilisks
  A swamp worm (Lair:4)
  A warg (D:10)
  A hell hound (D:13)
  27 water moccasins
  12 porcupines
  5 orc warriors
  4 ice beasts
  4 sky beasts
  3 eyes of draining
  5 ogres
  2 necrophages
  A black bear (D:10)
  A phantom (D:11)
  15 crocodiles
  14 wolves
  3 centaurs
  A big kobold (D:7)
  11 bullfrogs
  4 scorpions
  2 water moccasin skeletons
  26 killer bees
  8 wights
  An electric eel (Lair:5)
  9 howler monkeys
  4 crimson imps
  2 bullfrog zombies
  3 centaur skeletons
  Crazy Yiuf (D:3)
  9 orc priests
  3 bullfrog skeletons
  5 hounds
  8 orc wizards
  3 iguanas
  6 hell rats (Lair:4)
  18 worker ants
  2 hound zombies
  2 hound skeletons
  A mummy (D:5)
  3 worker ant zombies
  Robin (D:2)
  A howler monkey skeleton (D:9)
  14 adders
  3 shadow imps
  An adder zombie (Ossuary)
  2 adder skeletons (D:5)
  3 worms
  A dart slug (D:1)
  7 leopard geckos
  54 orcs
  3 ball pythons
  9 bats
  9 giant cockroaches
  17 goblins
  13 hobgoblins
  10 jackals
  12 kobolds
  4 quokkas
  4 ball python skeletons
  4 frilled lizards
  A giant cockroach zombie (D:5)
  A hobgoblin skeleton (Ossuary)
  2 hobgoblin zombies (Ossuary)
  A leopard gecko zombie (D:5)
  An orc skeleton (Ossuary)
  2 orc zombies (Ossuary)
  13 rats
  2 plants (Lair:6)
671 creatures vanquished.

Vanquished Creatures (collateral kills)
  A yak (D:12)
  A wyvern (D:12)
  A crocodile (Lair:6)
3 creatures vanquished.

Vanquished Creatures (others)
  A human (D:5)
  37 fungi
  57 plants
95 creatures vanquished.

Grand Total: 769 creatures vanquished

Notes
Turn   | Place    | Note
-------+----------+-------------------------------------------
     0 | D:1      | Hysic the Gargoyle Earth Elementalist began the quest for the Orb.
     0 | D:1      | Reached XP level 1. HP: 10/10 MP: 3/3
   494 | D:1      | Reached XP level 2. HP: 15/15 MP: 1/5
  1118 | D:1      | Reached skill level 3 in Spellcasting
  1345 | D:1      | Reached XP level 3. HP: 19/19 MP: 4/7
  1497 | D:1      | Learned a level 3 spell: Stone Arrow
  2899 | D:2      | Found an iron altar of Okawaru.
  3089 | D:2      | Reached XP level 4. HP: 21/24 MP: 9/9
  3635 | D:3      | Noticed Robin
  3892 | D:2      | Reached skill level 1 in Conjurations
  3899 | D:2      | Killed Robin
  4276 | D:3      | Reached XP level 5. HP: 28/28 MP: 6/10
  4285 | D:3      | Learned a level 5 spell: Lee's Rapid Deconstruction
  5044 | D:3      | Found a runed door.
  5050 | D:3      | Noticed Crazy Yiuf
  5058 | D:3      | Killed Crazy Yiuf
  5469 | D:3      | Reached skill level 4 in Spellcasting
  5558 | D:4      | Reached skill level 5 in Earth Magic
  5597 | D:4      | Reached XP level 6. HP: 32/32 MP: 12/12
  5611 | D:4      | Got an opalescent robe
  5622 | D:4      | Identified the +2 robe of Panentheism {rN++ Int+6} (You found it on level 4 of the Dungeon)
  6264 | D:4      | Reached skill level 5 in Spellcasting
  6536 | D:5      | Entered Level 5 of the Dungeon
  6568 | D:5      | Found a sand-covered staircase.
  6572 | Ossuary  | Entered an ossuary
  6720 | Ossuary  | Noticed a wraith
  6720 | Ossuary  | Noticed a flying skull
  6735 | Ossuary  | Reached XP level 7. HP: 36/36 MP: 14/14
  6783 | Ossuary  | Noticed a wraith
  6798 | Ossuary  | Killed a wraith
  6808 | Ossuary  | Noticed a flying skull
  6821 | Ossuary  | Noticed a wraith
  7329 | Ossuary  | Killed a wraith
  7589 | Ossuary  | Noticed a flying skull
  7598 | Ossuary  | Killed a wraith
  7598 | Ossuary  | Reached skill level 6 in Spellcasting
  7598 | Ossuary  | Reached XP level 8. HP: 41/41 MP: 0/17
  7833 | Ossuary  | Noticed a flying skull
  8054 | D:5      | Got a bloodstained dagger
  8152 | D:5      | Identified the +5 dagger "Cuv Exemn" {pierce, rPois Str+2 Dex+4} (You found it on level 5 of the Dungeon)
  8261 | D:5      | Found a snail-covered altar of Cheibriados.
  8597 | D:5      | Reached skill level 7 in Spellcasting
  8639 | D:5      | Found Awipt's Armour Shop.
  8772 | D:5      | Found an ancient bone altar of Kikubaaqudgha.
  8863 | D:5      | Reached skill level 1 in Fighting
  9116 | D:6      | Reached skill level 5 in Conjurations
  9201 | D:6      | Reached skill level 1 in Maces & Flails
  9201 | D:6      | Reached skill level 1 in Armour
  9235 | D:6      | Reached XP level 9. HP: 29/47 MP: 19/19
  9405 | D:6      | Found a sacrificial altar of Ru.
 10071 | D:7      | Noticed a brown ugly thing
 10075 | D:7      | Killed a brown ugly thing
 10347 | D:7      | Reached skill level 8 in Spellcasting
 10607 | D:7      | Found a staircase to the Ecumenical Temple.
 10613 | Temple   | Entered the Ecumenical Temple
 10759 | Temple   | Became a worshipper of Vehumet
 11013 | D:7      | You fall through a shaft for 2 floors!
 11289 | D:9      | Reached XP level 10. HP: 52/56 MP: 22/22
 11743 | D:8      | Noticed Grum
 11967 | D:8      | Reached * piety under Vehumet
 11967 | D:8      | Offered knowledge of Sting by Vehumet.
 12488 | D:8      | Found a stormy altar of Qazlal.
 12758 | D:8      | Found a staircase to the Lair.
 13168 | D:8      | Killed Grum
 13431 | D:8      | Reached skill level 9 in Spellcasting
 14448 | D:9      | Reached ** piety under Vehumet
 14448 | D:9      | Offered knowledge of Throw Frost by Vehumet.
 14452 | D:9      | Reached skill level 5 in Armour
 14989 | D:9      | Reached XP level 11. HP: 60/62 MP: 24/24
 15761 | D:10     | Entered Level 10 of the Dungeon
 15782 | D:10     | Noticed Psyche
 15793 | D:10     | Killed Psyche
 15883 | D:10     | Offered knowledge of Dazzling Spray by Vehumet.
 15902 | D:10     | Reached skill level 5 in Maces & Flails
 15993 | D:10     | Noticed a tengu warrior
 15996 | D:10     | Noticed a tengu warrior
 16015 | D:10     | HP: 1/62 [tengu warrior/battleaxe[a tengu warrior] (10)]
 16471 | Lair:1   | Entered Level 1 of the Lair of Beasts
 16585 | Lair:1   | Found a labyrinth entrance.
 16617 | Lab      | Entered a labyrinth
 17348 | Lab      | Noticed a minotaur
 17357 | Lab      | Killed a minotaur
 17357 | Lab      | Reached skill level 5 in Fighting
 17361 | Lab      | Identified the Handbook of Transmutation
 17995 | Lair:1   | Reached skill level 10 in Spellcasting
 18479 | Lair:1   | Noticed a six-headed hydra
 18510 | Lair:1   | Killed a six-headed hydra
 18510 | Lair:1   | Reached skill level 5 in Dodging
 18684 | Lair:1   | Reached skill level 10 in Earth Magic
 18768 | Lair:2   | Reached XP level 12. HP: 59/68 MP: 14/26
 19196 | Lair:2   | Reached *** piety under Vehumet
 19527 | Lair:2   | Found a staircase to the Snake Pit.
 19726 | Lair:2   | Learned a level 3 spell: Mephitic Cloud
 19732 | Lair:2   | Learned a level 5 spell: Venom Bolt
 20168 | Lair:2   | Offered knowledge of Throw Icicle by Vehumet.
 20174 | Lair:2   | Learned a level 4 spell: Throw Icicle
 21173 | Lair:3   | Noticed Harold
 21179 | Lair:3   | Killed Harold
 21333 | Lair:3   | Reached skill level 11 in Spellcasting
 21842 | Lair:3   | Reached **** piety under Vehumet
 22324 | Lair:3   | Reached XP level 13. HP: 59/76 MP: 28/28
 22477 | Lair:3   | Found a snail-covered altar of Cheibriados.
 23515 | Lair:3   | Offered knowledge of Irradiate by Vehumet.
 23522 | Lair:3   | Learned a level 5 spell: Irradiate
 24319 | Lair:4   | Found a staircase to the Swamp.
 26357 | Lair:5   | Gained mutation: Your magical capacity is low. (-10% MP) [potion of mutation]
 26357 | Lair:5   | Gained mutation: You are frail. (-10% HP) [potion of mutation]
 26357 | Lair:5   | Gained mutation: You can translocate small distances at will. [potion of mutation]
 27257 | Lair:6   | Entered Level 6 of the Lair of Beasts
 28505 | Lair:6   | Found a staircase to the Slime Pits.
 28509 | Lair:6   | Found a viscous altar of Jiyva.
 28984 | Lair:6   | Reached ***** piety under Vehumet
 29102 | Lair:6   | Offered knowledge of Orb of Destruction by Vehumet.
 29111 | Lair:6   | Learned a level 7 spell: Orb of Destruction
 29222 | Lair:6   | Reached skill level 12 in Spellcasting
 29905 | Lair:6   | Gained mutation: Your large and strong wings let you fly indefinitely. [Gargoyle growth]
 29905 | Lair:6   | Reached XP level 14. HP: 68/75 MP: 24/27
 31696 | Lair:6   | Offered knowledge of Iron Shot by Vehumet.
 31707 | Lair:6   | Learned a level 6 spell: Iron Shot
 32414 | Lair:6   | Reached skill level 10 in Conjurations
 34095 | Lair:6   | Gained mutation: Your body sometimes deteriorates upon taking damage. [potion of mutation]
 34095 | Lair:6   | Lost mutation: Your magical capacity is low. (-10% MP) [potion of mutation]
 34095 | Lair:6   | Gained mutation: Your magical capacity is low. (-10% MP) [potion of mutation]
 34097 | Lair:6   | Gained mutation: You have a pair of small horns on your head. [potion of beneficial mutation]
 34662 | Lair:6   | Found a runed door.
 36211 | D:9      | Reached skill level 13 in Spellcasting
 36221 | D:9      | Reached XP level 15. HP: 77/81 MP: 28/28
 36300 | D:10     | Found Fejevir's Jewellery Shoppe.
 36569 | D:10     | Lost mutation: You have a pair of small horns on your head. [potion of mutation]
 36569 | D:10     | Gained mutation: Potions and wands are less effective at restoring your health. [potion of mutation]
 36569 | D:10     | Gained mutation: You have a pair of small horns on your head. [potion of mutation]
 37076 | D:10     | Found a staircase to the Orcish Mines.
 38165 | D:11     | Gained mutation: Armour fits poorly on your strangely shaped body. [mutagenic meat]
 38167 | D:11     | Gained mutation: You possess an exceptional clarity of mind. [mutagenic meat]
 38330 | D:11     | Learned a level 2 spell: Repel Missiles
 39316 | D:11     | Offered knowledge of Bolt of Draining by Vehumet.
 39448 | D:11     | Learned a level 5 spell: Bolt of Draining
 41704 | D:13     | Noticed Azrael
 41736 | D:13     | HP: 2/82 [Azrael/damnation (35)]
 41741 | D:13     | HP: 2/82 [burnt (5)]
 41741 | D:13     | Killed from afar by Azrael

Skill      XL: |  1  2  3  4  5  6  7  8  9 10 11 12 13 14 15 |
---------------+----------------------------------------------+-----
Spellcasting   | 3 4 5 6 7 8 9 10 11 12 13 | 13.5
Earth Magic    | 4 5 6 7 8 9 10 11 12 | 12.8
Conjurations   | 1 2 3 4 5 6 7 8 9 10 11 | 11.0
Fighting       | 1 3 4 5 6 8 9 |  9.8
Maces & Flails | 1 2 4 5 6 7 8 9 |  9.2
Armour         | 1 3 5 6 7 8 9 |  9.0
Dodging        | 2 3 4 5 6 7 8 |  8.2
Stealth        | |  2.1
Transmutations | |  0.7

Action                   |  1- 3 |  4- 6 |  7- 9 | 10-12 | 13-15 || total
-------------------------+-------+-------+-------+-------+-------++-------
Melee: Club              |    47 |       |       |       |       ||    47
       Falchion          |    17 |   100 |       |       |       ||   117
       Quarterstaff      |       |   101 |   236 |   706 |  1006 ||  2049
       Headbutt          |       |       |       |       |    64 ||    64
 Cast: Sandblast         |    52 |    31 |       |     1 |       ||    84
       Stone Arrow       |     1 |     2 |    39 |   116 |   187 ||   345
       Lee's Rapid Decon |       |       |     2 |     5 |    18 ||    25
       Mephitic Cloud    |       |       |       |     6 |     2 ||     8
       Venom Bolt        |       |       |       |     4 |    70 ||    74
       Throw Icicle      |       |       |       |     2 |       ||     2
       Iron Shot         |       |       |       |       |    24 ||    24
       Bolt of Draining  |       |       |       |       |    14 ||    14
 Abil: Blink             |       |       |       |       |     1 ||     1
       Fly               |       |       |       |       |     1 ||     1
Evoke: Wand              |       |       |       |    13 |     6 ||    19
  Use: Scroll            |     3 |     8 |    10 |    12 |    13 ||    46
       Potion            |       |       |     7 |     8 |    17 ||    32
 Stab: Sleeping          |       |     4 |     5 |     1 |     7 ||    17
       Paralysed         |       |       |     1 |     2 |     6 ||     9
       Confused          |       |       |     1 |     3 |     5 ||     9
       Petrifying        |       |       |       |     2 |     8 ||    10
       Petrified         |       |       |       |     1 |    17 ||    18
       Distracted        |       |       |       |     2 |     1 ||     3
       Invisible         |       |       |       |     6 |     3 ||     9
  Eat: Chunk             |     7 |    11 |     6 |    18 |    39 ||    81
       Beef jerky        |       |     1 |       |     1 |     3 ||     5
       Bread ration      |       |       |     2 |     1 |     3 ||     6
       Pizza             |       |       |     1 |     1 |       ||     2
       Royal jelly       |       |       |       |     2 |     6 ||     8
       Fruit             |       |       |       |     9 |     7 ||    16
       Meat ration       |       |       |       |       |     2 ||     2
Armor: Robe              |    43 |   107 |   123 |   493 |   536 ||  1302
Dodge: Dodged            |    81 |   188 |   160 |   837 |   850 ||  2116
       Rpst.: Falchion   |     4 |    35 |       |       |       ||    39
